 Dungeon Crawl Stone Soup version 0.30-a0-953-g5f1da4a474 (webtiles) character file.

Game seed: 12350449029451076119

677 retardedninja the Magician (level 7, 0/36 HPs)
             Began as a Deep Elf Air Elementalist on Mar 28, 2023.
             Was an Initiate of Sif Muna.
             Slain by Pikel
             ... wielding a +2 whip of flaming
              (2 damage)
             ... on level 6 of the Dungeon.
             The game lasted 00:10:00 (5129 turns).

retardedninja the Magician (DEAE)                   Turns: 5129, Time: 00:10:01

Health: 0/36       AC:  4    Str:  5    XL:     7   Next: 33%
Magic:  6/18       EV: 14    Int: 22    God:    Sif Muna [......]
Gold:   421        SH:  5    Dex: 15    Spells: 17/18 levels left

rFire   + . .      SeeInvis .    r - +0 rapier
rCold   . . .      Faith    .    (no shield)
rNeg    . . .      Spirit   .    p - +2 robe of Virtue {rF+}
rPois   .          Reflect  +    (no helmet)
rElec   .          Rampage  .    (no cloak)
rCorr   .                        (no gloves)
Will    +....                    (no boots)
Stlth   +++                      u - amulet of reflection
HPRegen 0.26/turn                q - ring of willpower
MPRegen 0.16/turn                y - ring of wizardry

@: no status effects
A: no striking features
a: Renounce Religion


You were on level 6 of the Dungeon.
You worshipped Sif Muna.
Sif Muna was noncommittal.
You visited 2 branches of the dungeon, and saw 7 of its levels.

You collected 421 gold pieces.

Inventory:

Hand Weapons
 r - a +0 rapier (weapon)
Missiles
 d - 2 javelins
Armour
 p - the +2 robe of Virtue (worn) {rF+}
   (You found it on level 2 of the Dungeon)

   rF:        It protects you from fire.
Jewellery
 q - a ring of willpower (left hand)
 u - an amulet of reflection (around neck)
 y - a ring of wizardry (right hand)
Wands
 z - a wand of mindburst (19)
 C - a wand of digging (3)
Scrolls
 e - 2 scrolls of silence {unknown}
 f - a scroll of enchant weapon {unknown}
 g - a scroll of torment {unknown}
 i - 2 scrolls of summoning
 j - a scroll of fear {unknown}
 k - a scroll of fog {unknown}
 l - a scroll of enchant armour {unknown}
 m - a scroll of amnesia {unknown}
 o - 2 scrolls of poison {unknown}
 s - a scroll of teleportation {unknown}
 x - a scroll of identify
 B - a scroll of vulnerability {unknown}
Potions
 a - 3 potions of ambrosia
 b - a potion of magic
 c - 3 potions of attraction {unknown}
 h - a potion of brilliance {unknown}
 n - 3 potions of curing
 v - a potion of resistance {unknown}
 w - a potion of mutation {unknown}
 D - a potion of heal wounds {unknown}


   Skills:
 + Level 4.5 Dodging
 + Level 4.8 Stealth
 * Level 6.1 Spellcasting
 + Level 3.4 Conjurations
 * Level 5.0 Air Magic


You had 17 spell levels left.
You knew the following spells:

 Your Spells              Type           Power      Damage    Failure   Level
a - Shock                 Conj/Air       100%       1d9       1%          1

Your spell library contained the following spells:

 Spells                   Type           Power      Damage    Failure   Level
 Static Discharge         Conj/Air       50%        2-5/arc   1%          2
 Swiftness                Air            29%        N/A       1%          3
 Apportation              Tloc           12%        N/A       3%          1
 Airstrike                Air            14%        2d(3-19)  4%          4
 Lesser Beckoning         Tloc           12%        N/A       6%          2
 Gell's Gravitas          Tloc           6%         N/A       11%         3
 Ozocubu's Armour         Ice            6%         N/A       11%         3
 Teleport Other           Tloc           6%         N/A       11%         3
 Alistair's Intoxication  Tmut/Pois      4%         N/A       65%         5
 Metabolic Englaciation   Hex/Ice        3%         N/A       65%         5
 Simulacrum               Ice/Necr       3%         N/A       99%         6


Dungeon Overview and Level Annotations

Branches:
Dungeon (6/15)             Temple (1/1) D:5

Altars:
Ashenzari
Cheibriados
Dithmenos
Elyvilon
Fedhas
Gozag
Hepliaklqana
Kikubaaqudgha
Makhleb
Nemelex Xobeh
Okawaru
Qazlal
Ru
Sif Muna
Trog
Uskayaw
Wu Jian
Yredelemnul
Zin
The Shining One

Annotations:
D:4 2 transporters
D:6 Pikel


Message History

The zap misses Pikel.
The zap hits the lemure!
The lemure is severely wounded.
You block Pikel's attack. The lemure hits you but does no damage.
Unknown command.
Aiming: Shock (safe; 1% risk of failure)
Press: ? - help, Q - select action, (/) - cycle Shift-Dir - straight line, f/p - Pikel
Aim: Pikel, wielding a +2 whip of flaming and wearing a +0 robe (heavily wounded, 67% to hit)
The zap hits Pikel.
Pikel is heavily wounded.
The lemure closely misses you. You block Pikel's attack.
The lemure barely misses you.
Unknown command.
Aiming: Shock (safe; 1% risk of failure)
Press: ? - help, Q - select action, (/) - cycle Shift-Dir - straight line, f/p - Pikel
Aim: Pikel, wielding a +2 whip of flaming and wearing a +0 robe (heavily wounded, 67% to hit)
The zap misses Pikel.
The lemure closely misses you.
Pikel hits you with a +2 whip of flaming.
The lemure completely misses you.
Aiming: Shock (safe; 1% risk of failure)
Press: ? - help, Q - select action, (/) - cycle Shift-Dir - straight line, f/p - Pikel
Aim: Pikel, wielding a +2 whip of flaming and wearing a +0 robe (heavily wounded, 67% to hit)
The zap hits Pikel.
Pikel is severely wounded.
The zap hits the lemure.
The lemure is lightly wounded.
The lemure barely misses you. You block Pikel's attack.
The lemure barely misses you.
Aiming: Shock (safe; 1% risk of failure)
Press: ? - help, Q - select action, (/) - cycle Shift-Dir - straight line, f/p - Pikel
Aim: Pikel, wielding a +2 whip of flaming and wearing a +0 robe (severely wounded, 67% to hit)
The zap hits Pikel.
Pikel is severely wounded.
The zap hits the lemure.
The lemure is moderately wounded.
The lemure hits you.
Pikel hits you with a +2 whip of flaming!
* * * LOW HITPOINT WARNING * * *
Pikel burns you.
You die...

#.#...<.#.# # #.........#
##. ####.......## #..
..##..[....#
#..####.###.....##
.55....# ##...## # ....#.#
##(#### ## #..#.# #.##.##
##. #..#@#####.#...####..
...###..5K5............'..
#......5#.###.......##..
#..####.#.# #..#.##.###.
#. ..#.# #....##.# ## #
####.####.#.##.# #
#........##.#
######......# ###.####


You could see Pikel and 3 lemures.

Vanquished Creatures
  A water moccasin (D:6)
  2 ogres
  A phantom (D:5)
  2 howler monkeys
  2 hounds
  2 iguanas
  3 adders
  3 gnolls (D:2)
  A shadow imp (D:3)
  A white imp (D:5)
  A worm (D:2)
  3 dart slugs
  5 bats
  4 endoplasms
  3 giant cockroaches
  6 goblins
  7 hobgoblins
  5 jackals
  4 quokkas
  3 ball pythons
  2 frilled lizards
  6 kobolds
  7 rats
74 creatures vanquished.

Notes
Turn   | Place    | Note
-------+----------+-------------------------------------------
     0 | D:1      | retardedninja the Deep Elf Air Elementalist began the quest
                  | for the Orb.
     0 | D:1      | Reached XP level 1. HP: 10/10 MP: 6/6
   444 | D:1      | Reached XP level 2. HP: 15/15 MP: 4/8
  1020 | D:2      | Reached XP level 3. HP: 17/19 MP: 1/9
  1708 | D:2      | Identified the +2 robe of Virtue {rF+}
  1721 | D:2      | Reached XP level 4. HP: 24/24 MP: 9/11
  2272 | D:3      | Found a faded altar of an unknown god.
  2380 | D:3      | Noticed an ogre
  2393 | D:3      | Killed an ogre
  2394 | D:3      | Reached skill level 4 in Spellcasting
  2394 | D:3      | Reached XP level 5. HP: 10/28 MP: 1/13
  2932 | D:3      | Found an ancient bone altar of Kikubaaqudgha.
  3331 | D:4      | Found a transporter.
  3355 | D:4      | Found a transporter.
  3587 | D:4      | Reached XP level 6. HP: 30/32 MP: 1/15
  3757 | D:5      | Entered Level 5 of the Dungeon
  3851 | D:5      | Reached skill level 5 in Spellcasting
  3922 | D:5      | Found a staircase to the Ecumenical Temple.
  3989 | Temple   | Entered the Ecumenical Temple
  4171 | Temple   | Became a worshipper of Sif Muna the Loreminder
  4930 | D:6      | Reached XP level 7. HP: 36/36 MP: 9/17
  5029 | D:6      | Reached skill level 6 in Spellcasting
  5029 | D:6      | Reached skill level 5 in Air Magic
  5113 | D:6      | Noticed Pikel
  5129 | D:6      | Slain by Pikel

Illustrated notes

Levels and vault maps discovered:
D:1:      saegor_arrival_simple_c, layout_loops_ring
D:2:      layout_basic, nrook_mini_backslash, minmay_splitting_lines
D:3:      layout_basic, mainiacjoe_overflow_alcove_2,
          hellmonk_ecumenical_altar_dog_temple, chequers_serial_rivers_micro_d
D:4:      gammafunk_steamed_eel, layout_basic
D:5:      layout_basic, minmay_temple_entry_mini_moons
D:6:      layout_loops_corners, doesnt_xom_only_xom, uniq_eustachio, uniq_pikel
Temple:   nicolae_temple_bog_church

Skill      XL: |  1  2  3  4  5  6  7 |
---------------+----------------------+-----
Stealth        | 3 4 |  4.8
Dodging        | 3 4 |  4.5
Conjurations   | 2 3 |  3.4
Spellcasting   | 4 5 6 |  6.1
Air Magic      | 4 5 |  5.0

Action                     |  1- 3 |  4- 6 |  7- 9 || total
---------------------------+-------+-------+-------++-------
  Melee: Dagger            |     1 |       |       ||     1
         Rapier            |       |       |     1 ||     1
   Cast: Shock             |    76 |   115 |    23 ||   214
    Use: Scroll            |       |     3 |       ||     3
 Armour: Robe              |     3 |     2 |     4 ||     9
  Dodge: Dodged            |    14 |    12 |    17 ||    43
  Block: Other             |       |     4 |     8 ||    12

Table legend: (Time is in decaauts)
 A = Elapsed time spent in this place.
 B = Non-inter-level travel time spent in this place.
 C = Inter-level travel time spent in this place.
 D = Time resting spent in this place.
 E = Time spent auto-exploring this place.
 F = Levels seen in this place.
 G = Mean time per level.
                   A        B        C        D        E       F      G
               +--------+--------+--------+--------+--------+-----+--------+
         Total |   5134 |   5014 |    120 |    143 |   4345 |   7 |  733.4 |
       Dungeon |   4924 |   4820 |    104 |    143 |   4184 |   6 |  820.7 |
        Temple |    209 |    193 |     16 |      0 |    161 |   1 |  209.0 |
               +--------+--------+--------+--------+--------+-----+--------+

Top non-repeatable levels by time:
     D:2: 1093 daAuts
     D:1: 985 daAuts
     D:3: 890 daAuts
     D:5: 832 daAuts
     D:4: 784 daAuts
     D:6: 338 daAuts
  Temple: 209 daAuts
